 Dungeon Crawl Stone Soup version 0.30-a0-802-gb92711bcdf (webtiles) character file.

Game seed: 3762584212536742588

88 cforsyth the Sneak (level 4, -1/28 HPs)
             Began as a Kobold Brigand on Feb 24, 2023.
             Slain by an adder (2 damage)
             ... on level 2 of the Dungeon.
             The game lasted 00:01:54 (1547 turns).

cforsyth the Sneak (Kobold Brigand)                 Turns: 1547, Time: 00:01:55

Health: -1/28      AC:  3    Str:  6 (8)  XL:     4   Next: 81%
Magic:  4/4        EV: 15    Int: 10 (12) God:
Gold:   127        SH:  0    Dex: 16 (18) Spells: 3/3 levels left

rFire   . . .      SeeInvis .    a - +2 dagger
rCold   . . .      Faith    .    (no shield)
rNeg    . . .      Spirit   .    b - +0 robe
rPois   .          Reflect  .    (no helmet)
rElec   .          Harm     .    c - +0 cloak
rCorr   .          Rampage  .    (no gloves)
Will    .....                    (no boots)
Stlth   ++++                     (no amulet)
HPRegen 0.24/turn                (no ring)
MPRegen 0.09/turn                (no ring)

@: lethally poisoned (-1 -> -2)
A: small, no large weapons, nightstalker 3
a: no special abilities


You were on level 2 of the Dungeon.
You visited 1 branch of the dungeon, and saw 3 of its levels.

You collected 127 gold pieces.

Inventory:

Hand Weapons
 a - a +2 dagger (weapon)
Missiles
 d - 9 poisoned darts (quivered)
 e - 3 curare-tipped darts
Armour
 b - a +0 robe (worn)
 c - a +0 cloak (worn)
Wands
 m - a wand of paralysis (14)
Scrolls
 f - 2 scrolls of teleportation {unknown}
 g - a scroll of fear {unknown}
 h - a scroll of vulnerability {unknown}
 i - 2 scrolls of amnesia
 j - a scroll of enchant armour {unknown}
 k - a scroll of noise {unknown}


   Skills:
 + Level 3.1 Fighting
 + Level 3.8 Short Blades
 - Level 2.1 Throwing
 + Level 2.5 Dodging
 + Level 6.1 Stealth


You had 3 spell levels left.
You didn't know any spells.
Your spell library contained the following spells:

 Spells                   Type           Power      Damage    Failure   Level
 Apportation              Tloc           0%         N/A       36%         1
 Blink                    Tloc           0%         N/A       50%         2
 Lesser Beckoning         Tloc           0%         N/A       50%         2
 Momentum Strike          Conj/Tloc      0%         3d8       50%         2
 Alistair's Intoxication  Tmut/Pois      0%         N/A       100%        5


Dungeon Overview and Level Annotations

Branches:
Dungeon (3/15)

Altars:


Innate Abilities, Weirdness & Mutations

You are small and have problems with some larger weapons.
You are completely attuned to the shadows.


Message History

You feel sick. The adder bites you but does no damage.
You feel sick.
You feel sick.
You feel sick. The adder completely misses you.
The adder attacks as you move away! The adder bites you but does no damage.
You feel sick.
You feel sick.
You are no longer poisoned.
There is a stone staircase leading up here.
The adder closely misses you.
You climb upwards.
There is a stone staircase leading down here.
You barely miss the adder. The adder bites you.
* * * LOW HITPOINT WARNING * * *
You are poisoned.
The adder poisons you! The adder misses you.
You completely miss the adder.
* * * LOW HITPOINT WARNING * * *
You feel sick. The adder barely misses you.
You hit the adder but do no damage.
* * * LOW HITPOINT WARNING * * *
You feel sick. The adder bites you.
* * * LOW HITPOINT WARNING * * *
Unknown command.
It was a potion of degeneration.
There was something very wrong with that liquid.
You feel weakened.
You feel dopey.
You feel clumsy.
* * * LOW HITPOINT WARNING * * *
You feel sick. The adder bites you but does no damage.
As you read the scroll labelled DIAWEO ATRAKA, it crumbles to dust.
It is a scroll of amnesia.
You feel forgetful for a moment.
* * * LOW HITPOINT WARNING * * *
You feel sick. The adder bites you but does no damage.
Unknown command.
Unknown command.
You completely miss the adder.
* * * LOW HITPOINT WARNING * * *
You feel sick. The adder bites you.
You die...

#.......~_~.## #..
#######.~~~..# #..
###########......###.#
#....................#
#################....#
##......## #......#
##........## #.......
#..........# #.......
#...@S.....# #.......
#..........###.......
#..†...........<.....
#..........##########
##...........#
##........##.#
#..........#.#
#..........#.########
#..........#.....>...


You could see an adder.

Vanquished Creatures
  An orc priest (D:2)
  A white imp (D:3)
  5 orcs (D:2)
  2 endoplasms (D:1)
  A giant cockroach (D:2)
  2 goblins (D:2)
  6 hobgoblins (D:1)
  6 jackals
  A quokka (D:2)
  6 ball pythons (D:1)
  2 bats (D:1)
  A frilled lizard (D:1)
  3 kobolds
  7 rats
44 creatures vanquished.

Vanquished Creatures (others)
  A plant (D:3)
1 creature vanquished.

Grand Total: 45 creatures vanquished

Notes
Turn   | Place    | Note
-------+----------+-------------------------------------------
     0 | D:1      | cforsyth the Kobold Brigand began the quest for the Orb.
     0 | D:1      | Reached XP level 1. HP: 12/12 MP: 1/1
   149 | D:1      | Reached XP level 2. HP: 18/18 MP: 2/2
   494 | D:1      | Reached XP level 3. HP: 22/22 MP: 3/3
   724 | D:2      | Found a faded altar of an unknown god.
   835 | D:2      | Reached skill level 6 in Stealth
   835 | D:2      | Reached XP level 4. HP: 25/28 MP: 4/4
  1546 | D:2      | HP: 1/28 [poisoned by an adder]
  1547 | D:2      | Slain by an adder

Illustrated notes

Levels and vault maps discovered:
D:1:      psy_arrival_statuary, layout_loops_cross, nicolae_titane
D:2:      cheibrodos_pilgrimage, layout_rooms,
          hellmonk_ecumenical_altar_pennies_from_heaven, minmay_misc_feat_iff
D:3:      layout_rooms, general_overflow_altar, mainiacjoe_overflow_24_doors,
          dancing_weapons_uskayaw, guppyfry_early_lair_pool

Skill      XL: |  1  2  3 |
---------------+----------+-----
Short Blades   | 3 |  3.8
Dodging        | 2 |  2.5
Fighting       | 3 |  3.1
Stealth        | 6 |  6.1
Throwing       | |  2.1

Action                     |  1- 3 |  4- 6 || total
---------------------------+-------+-------++-------
  Melee: Dagger            |    42 |    72 ||   114
    Use: Scroll            |       |     1 ||     1
         Potion            |       |     1 ||     1
   Stab: Sleeping          |    26 |     2 ||    28
 Armour: Robe              |     1 |    12 ||    13
  Dodge: Dodged            |    12 |    57 ||    69

Table legend: (Time is in decaauts)
 A = Elapsed time spent in this place.
 B = Non-inter-level travel time spent in this place.
 C = Inter-level travel time spent in this place.
 D = Time resting spent in this place.
 E = Time spent auto-exploring this place.
 F = Levels seen in this place.
 G = Mean time per level.
                   A        B        C        D        E       F      G
               +--------+--------+--------+--------+--------+-----+--------+
         Total |   1529 |   1496 |     33 |      0 |   1233 |   3 |  509.7 |
       Dungeon |   1529 |   1496 |     33 |      0 |   1233 |   3 |  509.7 |
               +--------+--------+--------+--------+--------+-----+--------+

Top non-repeatable levels by time:
     D:2: 726 daAuts
     D:1: 712 daAuts
     D:3: 89 daAuts
